 Dungeon Crawl Stone Soup version 0.18.1-8-gdd0e5ea (webtiles) character file.

238 Scarto the Skirmisher (level 5, 0/64 HPs)
             Began as a Demonspawn Berserker on May 22, 2016.
             Was a Priest of Trog.
             Succumbed to a scorpion's poison
             ... on level 4 of the Dungeon.
             The game lasted 00:05:14 (2643 turns).

Scarto the Skirmisher (Demonspawn Berserker)        Turns: 2643, Time: 00:05:15

Health: 0/64       AC:  6    Str: 26    XL:     5   Next: 78%
Magic:  1/5        EV: 11    Int:  9    God:    Trog [***...]
Gold:   163        SH:  0    Dex: 12    Spells: 0 memorised, 4 levels left

rFire  . . .     SeeInvis .     i - +1 spear (venom)
rCold  . . .     Gourm    .     m - +0 scale mail
rNeg   . . .     Faith    .     (no shield)
rPois  .         Spirit   +     (no helmet)
rElec  .         Dismiss  .     (no cloak)
rCorr  .         Reflect  .     (no gloves)
SustAt .         Harm     .     (no boots)
MR     .....                    (no amulet)
Stlth  ..........               (no ring)
                                q - +3 ring of strength

@: berserking (expiring), lethally poisoned (0 -> -8), very quick, not resistant
to hostile enchantments, extremely unstealthy
A: magic shield
a: Berserk, Trog's Hand, Burn Spellbooks, Renounce Religion


You were on level 4 of the Dungeon.
You worshipped Trog.
Trog was most pleased with you.
You were full.

You visited 1 branch of the dungeon, and saw 4 of its levels.

You collected 163 gold pieces.

Inventory:

Hand Weapons
 i - a +1 spear of venom (weapon)
Missiles
 r - 2 tomahawks (quivered)
Armour
 m - a +0 scale mail (worn)
Jewellery
 q - a +3 ring of strength (left hand)
Scrolls
 g - 3 scrolls of remove curse
 j - 3 scrolls of enchant armour
 l - a scroll of enchant weapon {unknown}
 n - a scroll of magic mapping {unknown}
 p - a scroll of identify
 s - 2 scrolls of noise {unknown}
Potions
 a - a potion of heal wounds {unknown}
 d - a potion of agility {unknown}
 e - 2 potions of haste
 f - a potion of curing {unknown}
 h - a potion of degeneration {unknown}
 k - a potion of lignification {unknown}
 o - a potion of brilliance {unknown}
Comestibles
 b - a meat ration
 c - 6 bread rations


   Skills:
 + Level 4.3 Fighting
 + Level 3.8 Polearms
 + Level 3.2 Armour
 + Level 2.6 Dodging


You had 4 spell levels left.
You didn't know any spells.

Dungeon Overview and Level Annotations

Branches:
Dungeon (4/15)             Temple (0/1) D:4

Altars:
Nemelex Xobeh
Trog
Xom


Innate Abilities, Weirdness & Mutations

When hurt, damage is shared between your health and your magic reserves.


Message History

Trog accepts your kill.
You hit the iguana but do no damage.
The iguana is poisoned.
You feel sick.
A gnoll shaman comes into view. It is wielding a whip.
You closely miss the iguana.
The iguana is lightly wounded.
You feel sick.
The gnoll shaman shouts!
The iguana bites you!
* * * LOW HITPOINT WARNING * * *
You puncture the iguana!
The iguana is severely wounded.
You closely miss the iguana.
The iguana is severely wounded.
* * * LOW HITPOINT WARNING * * *
You feel sick. The iguana bites you!
* * * LOW HITPOINT WARNING * * *
Unknown command.
You puncture the gnoll shaman!
The gnoll shaman is poisoned.
The gnoll shaman is severely wounded.
You die...

#.#.........#
#[..........#
##.#........#
#.#........#
...........#
)..#....>...#
###.#....<...#
...<.......#########
..#........g@lg.....
..#..##.##)###..####
##. #.#.#.# .# #.
.... ... .. .#.#.
.#.# .# #..... .....
.. ###.#. r# #.# .
.... .. s.


You could see a gnoll shaman, an iguana and a gnoll.

Vanquished Creatures
  A scorpion (D:4)
  An orc priest (D:4)
  An orc wizard (D:3)
  4 adders
  3 worms (D:3)
  A dart slug (D:1)
  A giant gecko (D:4)
  15 orcs
  8 bats (D:1)
  2 giant cockroaches
  5 goblins
  14 hobgoblins
  2 jackals (D:3)
  A quokka (D:4)
  2 giant newts
  6 kobolds
  4 rats
71 creatures vanquished.

Notes
Turn   | Place    | Note
--------------------------------------------------------------
     0 | D:1      | Scarto the Demonspawn Berserker began the quest for the Orb.
     0 | D:1      | Reached XP level 1. HP: 18/18 MP: 1/1
    69 | D:1      | Gained mutation: When hurt, damage is shared between your health and your magic reserves. [demonic ancestry]
    69 | D:1      | Reached XP level 2. HP: 24/24 MP: 2/2
   662 | D:1      | Reached ** piety under Trog
   736 | D:1      | Reached XP level 3. HP: 29/29 MP: 3/3
   874 | D:2      | Found a shimmering altar of Xom.
  1075 | D:2      | Found a sparkling altar of Nemelex Xobeh.
  1269 | D:3      | Reached XP level 4. HP: 23/37 MP: 2/4
  1290 | D:3      | Found a faded altar to an unknown god.
  1455 | D:3      | Found a bloodstained altar of Trog.
  2271 | D:4      | Reached XP level 5. HP: 36/42 MP: 5/5
  2301 | D:4      | Found a staircase to the Ecumenical Temple.
  2341 | D:4      | Reached skill level 4 in Fighting
  2356 | D:4      | Reached *** piety under Trog
  2642 | D:4      | HP: 1/64 [iguana (8)]
  2643 | D:4      | Succumbed to a scorpion's poison

Skill      XL: |  1  2  3  4  5 |
---------------+----------------+-----
Armour         | 2 3 |  3.2
Polearms       | 3 |  3.8
Dodging        | 2 |  2.6
Fighting       | 4 |  4.3

Action                   |  1- 3 |  4- 6 || total
-------------------------+-------+-------++-------
Melee: Spear             |   131 |   109 ||   240
Invok: Berserk           |       |     3 ||     3
  Use: Scroll            |     7 |     1 ||     8
 Stab: Sleeping          |     5 |       ||     5
  Eat: Meat ration       |     1 |     1 ||     2
       Chunk             |       |     2 ||     2
Armor: Animal skin       |    20 |       ||    20
       Ring mail         |    18 |     2 ||    20
       Scale mail        |       |    25 ||    25
Dodge: Dodged            |    41 |    46 ||    87
